 Dungeon Crawl Stone Soup version 0.31-a0-876-gfe8ebadbca (webtiles) character file.

Game seed: 4542294343722174018

30537 randomguy2701 the Blocker (level 13, -6/99 HPs)
             Began as a Gnoll Wanderer on Oct 13, 2023.
             Was a Believer of Ashenzari.
             Mangled by a death yak (18 damage)
             ... on level 2 of the Lair of Beasts on Oct 14, 2023.
             The game lasted 00:40:53 (17363 turns).

randomguy2701 the Blocker (Gnoll Wanderer)         Turns: 17363, Time: 00:40:53

Health: -6/99      AC: 20    Str: 18    XL:     13   Next: 52%
Magic:  25/25      EV: 16    Int: 12    God:    Ashenzari [**....]
Gold:   881        SH: 10    Dex: 21    Spells: 29/29 levels left

rFire   . . .        R - +5 flail of Nienkoj {heavy, Fly rN+ Dex+4 Stlth+}
rCold   + . .        b - +2 buckler of the Circumscribed Moon {Fort, Cun} (curse)
rNeg    + . .        v - +7 Kryia's mail coat {PotionHeal*2 rC+}
rPois   .            j - +0 helmet "Gaze Upon Infinity" {Int+3, Dev, Elem} (curse)
rElec   .            z - +0 cloak
rCorr   .            y - +0 pair of gloves
SInv    +            (no boots)
Will    .....        (no amulet)
Stlth   ++++++       s - +6 ring of dexterity
HPRegen 0.36/turn    I - ring of the Tethered Sage {Int-2 Slay+4 SInv Stlth+, Range, Melee} (curse)
MPRegen 0.19/turn

%: no passive effects
@: flying
A: fangs 1, strong nose, distributed training
a: Renounce Religion, Curse Item, Shatter the Chains


You were on level 2 of the Lair of Beasts.
You worshipped Ashenzari.
Ashenzari was pleased with you.
You visited 2 branches of the dungeon, and saw 14 of its levels.
You also visited: Sewer.

You collected 881 gold pieces.

Inventory:

Hand Weapons
 a - a +0 hand axe
 g - a +3 rapier of draining
 w - a +0 falchion of freezing
 R - the +5 flail of Nienkoj (weapon) {heavy, Fly rN+ Dex+4 Stlth+}
   (You found it on level 10 of the Dungeon)

   Dex+4:     It affects your dexterity (+4).
   rN+:       It protects you from negative energy.
   Fly:       It grants you flight.
   Stlth+:    It makes you more stealthy.
Missiles
 r - 7 throwing nets
Armour
 b - the cursed +2 buckler of the Circumscribed Moon (worn) {Fort, Cun}

   It has a curse which improves the following skills: Fortitude: Armour and
   Shields.
   Cunning:   Dodging and Stealth.
 j - the cursed +0 helmet "Gaze Upon Infinity" (worn) {Int+3, Dev, Elem}
   (You took it off Robin on level 4 of the Dungeon)

   It has a curse which improves the following skills: Devices: Evocations and
   Shapeshifting.
   Elements:  Fire Magic, Ice Magic, Air Magic and Earth Magic.
 k - the +4 robe of Augmentation {Str+4 Int+4 Dex+4}
   (You found it on level 2 of the Dungeon)

   Str+4:     It affects your strength (+4).
   Int+4:     It affects your intelligence (+4).
   Dex+4:     It affects your dexterity (+4).
 v - the +7 Kryia's mail coat (worn) {PotionHeal*2 rC+}
   (You found it on level 4 of the Dungeon)

   PotionHeal*2: Potions heal its wearer twice as much.
   rC+:       It protects you from cold.
 y - a +0 pair of gloves (worn)
 z - a +0 cloak (worn)
Jewellery
 s - a +6 ring of dexterity (left hand)
 I - the cursed ring of the Tethered Sage (right hand) {Int-2 Slay+4 SInv Stlth+, Range, Melee}
   (You found it on level 7 of the Dungeon)

   [ring of slaying]

   Int-2:     It affects your intelligence (-2).
   Slay+4:    It affects your accuracy & damage with ranged weapons and melee
   (+4).
   SInv:      It lets you see invisible.
   Stlth+:    It makes you more stealthy.
   It has a curse which improves the following skills: Ranged Combat: Ranged
   Weapons and Throwing.
   Melee Combat: Short Blades, Long Blades, Axes, Maces & Flails, Polearms,
   Staves and Unarmed Combat.
 M - a +6 ring of dexterity
 N - a ring of fire
 O - a ring of positive energy
Wands
 i - a wand of polymorph (14)
 C - a wand of mindburst (9)
 D - a wand of paralysis (17)
 G - a wand of flame (36)
 Q - a wand of iceblast (2)
 U - a wand of quicksilver (1)
Scrolls
 d - 2 scrolls of vulnerability
 h - 2 scrolls of identify
 l - 2 scrolls of amnesia
 n - 3 scrolls of torment
 t - 3 scrolls of summoning
 u - a scroll of fog
 x - a scroll of noise
 A - a scroll of fear
 F - 3 scrolls of poison
 K - a scroll of enchant weapon
 L - 2 scrolls of silence
 P - 3 scrolls of revelation
Potions
 c - 3 potions of cancellation
 e - 3 potions of curing
 f - 3 potions of ambrosia
 m - 5 potions of attraction
 o - 3 potions of might
 p - a potion of brilliance
 q - 2 potions of lignification
 B - 2 potions of haste
 E - 2 potions of heal wounds
 H - 3 potions of mutation
 S - a potion of enlightenment
 T - a potion of resistance
Miscellaneous
 J - a lightning rod (4/4)


   Skills:
 + Level 8.5 Fighting
 + Level 8.5(9.7) Short Blades
 + Level 8.5(9.7) Long Blades
 + Level 9.0(10.1) Axes
 + Level 8.5(9.7) Maces & Flails
 + Level 8.5(9.7) Polearms
 + Level 8.5(9.7) Staves
 + Level 8.5(9.7) Ranged Weapons
 + Level 8.5(9.7) Throwing
 + Level 10.7(11.9) Armour
 + Level 8.5(9.7) Dodging
 + Level 9.5(10.7) Stealth
 + Level 10.7(11.9) Shields
 + Level 8.5(9.7) Unarmed Combat
 + Level 8.5 Spellcasting
 + Level 7.1 Conjurations
 + Level 7.1 Hexes
 + Level 7.1 Summonings
 + Level 7.1 Necromancy
 + Level 7.1 Translocations
 + Level 7.1 Transmutations
 + Level 7.1(8.3) Fire Magic
 + Level 7.1(8.3) Ice Magic
 + Level 7.1(8.3) Air Magic
 + Level 7.1(8.3) Earth Magic
 + Level 7.1 Poison Magic
 + Level 9.3 Invocations
 + Level 9.0(10.1) Evocations
 + Level 7.7(9.0) Shapeshifting


You had 29 spell levels left.
You didn't know any spells.
Your spell library contained the following spells:

 Spells                   Type           Power      Damage    Failure   Level
 Freeze                   Ice            100%       1d10      1%          1
 Frozen Ramparts          Ice            50%        1d8       4%          3
 Hailstorm                Conj/Ice       23%        3d7       4%          3
 Volatile Blastmotes      Fire/Tloc      46%        2d13      4%          3
 Dazzling Flash           Conj/Hex       44%        N/A       6%          3
 Petrify                  Tmut/Erth      23%        N/A       17%         4
 Fulminant Prism          Conj/Hex       11%        3d9       22%         4
 Iskenderun's Mystic Bla  Conj/Tloc      22%        2d6       22%         4
 Metabolic Englaciation   Hex/Ice        11%        N/A       43%         5
 Starburst                Conj/Fire      11%        6d5       95%         6
 Maxwell's Capacitive Co  Air            12%        ∞         100%        8


Dungeon Overview and Level Annotations

Branches:
Dungeon (11/15)            Temple (0/1) D:7            Lair (3/5) D:9
 Shoals (0/4) Lair:3        Snake (0/4) Lair:2          Orc (0/2) D:10
  Sewer (visited)

Altars:
Ashenzari
Elyvilon
Gozag
Hepliaklqana
Ru
Sif Muna
Uskayaw
Wu Jian
Zin
The Shining One

Shops:
D:6 [*


Innate Abilities, Weirdness & Mutations

You have very sharp teeth.
Your uncanny sense of smell can sniff out nearby items.
Your experience applies equally to all skills.


Message History

You are too injured to fight recklessly!
You are too injured to fight recklessly!
You are too injured to fight recklessly!
You are too injured to fight recklessly!
You are too injured to fight recklessly!
You are too injured to fight recklessly!
You are too injured to fight recklessly!
You are too injured to fight recklessly!
You are too injured to fight recklessly!
You are too injured to fight recklessly!
You are too injured to fight recklessly!
You are too injured to fight recklessly!
You sock the death yak!
You bite the death yak, but do no damage.
The death yak is heavily wounded.
The death yak gores you!
You barely miss the death yak. Your bite misses the death yak.
The death yak is heavily wounded.
The death yak gores you.
You sock the death yak!
The death yak is severely wounded.
The death yak gores you.
The death yak gores you but does no damage.
You hit the death yak but do no damage.
You bite the death yak, but do no damage.
The death yak is severely wounded.
You block the death yak's attack.
You hit the death yak.
The death yak is severely wounded.
The death yak gores you!!
* * * LOW HITPOINT WARNING * * *
The death yak gores you.
* * * LOW HITPOINT WARNING * * *
You hit the death yak.
The death yak is severely wounded.
The death yak completely misses you.
You sock the death yak!
The death yak is severely wounded.
The death yak gores you!!
You die...

......##............#
......#.+...........#
..<.................#
.....+.P............#
......###...........#
.....## #...........#
#..### #...........#
#### ####.##.#+###
##.....Y@.##
#####.+##...#..###
#.##.............#
######......<.......##
#.#....'............#
......##............#
P.##.##P............#
########............#
#............#


You could see a death yak.

Vanquished Creatures
  Josephine (D:11)
  A hydra (Lair:2)
  Erolcha (D:11)
  3 two-headed ogres
  A boulder beetle (Lair:2)
  5 death yaks
  Amaemon (D:11)
  3 skeletal warriors (D:11)
  A black mamba (Lair:2)
  An orange demon (D:11)
  4 cane toads
  A gargoyle (D:11)
  Jeremiah (Lair:1)
  4 komodo dragons
  2 rime drakes (Lair:2)
  A troll (D:10)
  2 hornets
  Grinder (D:5)
  14 blink frogs
  6 slime creatures (D:11)
  4 wraiths
  A shadow (D:7)
  A wyvern (D:10)
  33 yaks
  Eustachio (D:5)
  A basilisk (Lair:2)
  Edmund (D:5)
  3 wargs (D:8)
  6 nagas (Lair:2)
  An acid dragon (D:10)
  10 water moccasins
  3 orc warriors
  A black bear (Lair:2)
  5 ice beasts
  3 wolves (Lair:2)
  3 centaurs
  5 kobold brigands
  15 bullfrogs
  5 scorpions
  2 gnoll sergeants
  5 wights
  7 killer bees
  A howler monkey (D:7)
  4 hounds
  2 jellies (D:6)
  3 orc priests
  2 gnoll boudas
  A sleepcap (D:7)
  5 iguanas
  10 orc wizards
  Robin (D:4)
  14 adders
  8 gnolls
  3 river rats (D:3)
  3 shadow imps
  5 white imps
  3 ufetubi
  3 worms
  8 dart slugs
  27 orcs
  8 ball pythons
  6 endoplasms
  5 giant cockroaches
  12 goblins
  8 hobgoblins
  4 jackals
  4 quokkas
  11 bats
  6 frilled lizards
  29 kobolds
  7 rats
373 creatures vanquished.

Vanquished Creatures (collateral kills)
  Duvessa (D:7)
  Dowan (D:7)
2 creatures vanquished.

Grand Total: 375 creatures vanquished

Notes
Turn   | Place    | Note
-------+----------+-------------------------------------------
     0 | D:1      | randomguy2701 the Gnoll Wanderer began the quest for the
                  | Orb.
     0 | D:1      | randomguy2701 set off with the following items: a +0 hand
                  | axe, a +2 buckler, a +0 scale mail, a potion of heal
                  | wounds.
     0 | D:1      | Reached XP level 1. HP: 13/13 MP: 1/1
   103 | D:1      | Reached XP level 2. HP: 2/19 MP: 2/2
   464 | D:1      | Reached XP level 3. HP: 20/25 MP: 3/3
   865 | D:2      | Reached skill level 1 in Invocations
   952 | D:2      | Found a hide-covered altar of Uskayaw.
   974 | D:2      | Reached skill level 1 in Fighting
   974 | D:2      | Reached skill level 1 in Short Blades
   974 | D:2      | Reached skill level 1 in Long Blades
   974 | D:2      | Reached skill level 1 in Maces & Flails
   974 | D:2      | Reached skill level 1 in Polearms
   974 | D:2      | Reached skill level 1 in Staves
   974 | D:2      | Reached skill level 1 in Ranged Weapons
   974 | D:2      | Reached skill level 1 in Throwing
   974 | D:2      | Reached skill level 1 in Dodging
   974 | D:2      | Reached skill level 1 in Unarmed Combat
   974 | D:2      | Reached skill level 1 in Spellcasting
  1046 | D:2      | Found the +4 robe of Augmentation {Str+4 Int+4 Dex+4}
  1197 | D:2      | Reached XP level 4. HP: 23/32 MP: 5/5
  1325 | D:2      | Reached skill level 1 in Shapeshifting
  1806 | D:3      | Reached skill level 1 in Conjurations
  1806 | D:3      | Reached skill level 1 in Hexes
  1806 | D:3      | Reached skill level 1 in Summonings
  1806 | D:3      | Reached skill level 1 in Necromancy
  1806 | D:3      | Reached skill level 1 in Translocations
  1806 | D:3      | Reached skill level 1 in Transmutations
  1806 | D:3      | Reached skill level 1 in Fire Magic
  1806 | D:3      | Reached skill level 1 in Ice Magic
  1806 | D:3      | Reached skill level 1 in Air Magic
  1806 | D:3      | Reached skill level 1 in Earth Magic
  1806 | D:3      | Reached skill level 1 in Poison Magic
  2134 | D:3      | Reached XP level 5. HP: 30/37 MP: 6/6
  2144 | D:3      | Found a glowing drain.
  2148 | Sewer    | Entered a sewer
  3050 | D:4      | Found an ornate altar of the Wu Jian Council.
  3136 | D:4      | Reached XP level 6. HP: 38/44 MP: 8/8
  3499 | D:4      | Identified the +5 scale mail "Riserch" {Harm Int+2}
  3531 | D:4      | Noticed Robin
  3576 | D:4      | Killed Robin
  3934 | D:4      | Found the +7 Kryia's mail coat {PotionHeal*2 rC+}
  3961 | D:4      | Found a shimmering blue altar of Sif Muna.
  4400 | D:5      | Entered Level 5 of the Dungeon
  4504 | D:5      | Found an opulent altar of Gozag.
  4556 | D:5      | Noticed Grinder
  4583 | D:5      | Killed Grinder
  4584 | D:5      | Reached XP level 7. HP: 25/51 MP: 10/10
  4707 | D:5      | Found a broken altar of Ashenzari.
  4712 | D:5      | Noticed Edmund
  4715 | D:5      | Became a worshipper of Ashenzari the Shackled
  4976 | D:5      | Noticed Eustachio
  4983 | D:5      | Killed Eustachio
  4984 | D:5      | Reached skill level 5 in Stealth
  5244 | D:5      | Reached XP level 8. HP: 22/57 MP: 12/12
  5964 | D:5      | Killed Edmund
  6046 | D:6      | Found a sacrificial altar of Ru.
  6555 | D:6      | Reached * piety under Ashenzari
  6604 | D:6      | Identified the +3 scale mail of Facysch {*Slow rF- Will++
                  | rCorr}
  6623 | D:6      | Found Icounori's Assorted Antiques.
  6629 | D:6      | Found Zionun's Armour Shoppe.
  6644 | D:6      | Reached XP level 9. HP: 65/65 MP: 14/14
  7112 | D:7      | Found a hazy altar of Hepliaklqana.
  7937 | D:7      | Noticed Duvessa
  7937 | D:7      | Noticed Dowan
  7947 | D:7      | Killed Duvessa
  7948 | D:7      | Reached skill level 5 in Axes
  7948 | D:7      | Reached skill level 5 in Evocations
  7959 | D:7      | Killed Dowan
  8688 | D:7      | Found a staircase to the Ecumenical Temple.
  8989 | D:7      | Reached skill level 5 in Invocations
  9246 | D:7      | Reached XP level 10. HP: 73/73 MP: 17/17
  9325 | D:7      | Reached skill level 5 in Fighting
  9325 | D:7      | Reached skill level 5 in Short Blades
  9325 | D:7      | Reached skill level 5 in Long Blades
  9325 | D:7      | Reached skill level 5 in Maces & Flails
  9325 | D:7      | Reached skill level 5 in Polearms
  9325 | D:7      | Reached skill level 5 in Staves
  9325 | D:7      | Reached skill level 5 in Ranged Weapons
  9325 | D:7      | Reached skill level 5 in Throwing
  9325 | D:7      | Reached skill level 5 in Dodging
  9325 | D:7      | Reached skill level 5 in Unarmed Combat
  9325 | D:7      | Reached skill level 5 in Spellcasting
  9362 | D:7      | Noticed a two-headed ogre
  9377 | D:7      | Killed a two-headed ogre
  9411 | D:7      | Identified the ring "Biogirchoist" {Int-2 Slay+4 SInv
                  | Stlth+}
  9638 | D:8      | Found a hide-covered altar of Uskayaw.
  9819 | D:8      | Reached ** piety under Ashenzari
 10005 | D:8      | Reached skill level 5 in Shapeshifting
 10355 | D:9      | HP: 2/75 [komodo dragon (11)]
 10699 | D:9      | Reached XP level 11. HP: 73/81 MP: 19/19
 10761 | D:9      | Noticed a two-headed ogre
 10764 | D:9      | Killed a two-headed ogre
 10765 | D:9      | Reached skill level 5 in Conjurations
 10765 | D:9      | Reached skill level 5 in Hexes
 10765 | D:9      | Reached skill level 5 in Summonings
 10765 | D:9      | Reached skill level 5 in Necromancy
 10765 | D:9      | Reached skill level 5 in Translocations
 10765 | D:9      | Reached skill level 5 in Transmutations
 10765 | D:9      | Reached skill level 5 in Fire Magic
 10765 | D:9      | Reached skill level 5 in Ice Magic
 10765 | D:9      | Reached skill level 5 in Air Magic
 10765 | D:9      | Reached skill level 5 in Earth Magic
 10765 | D:9      | Reached skill level 5 in Poison Magic
 10837 | D:9      | Noticed a two-headed ogre
 10856 | D:9      | Killed a two-headed ogre
 10993 | D:9      | Found a staircase to the Lair.
 11124 | D:10     | Entered Level 10 of the Dungeon
 11172 | D:10     | Identified the +5 flail of Nienkoj {heavy, Fly rN+ Dex+4
                  | Stlth+}
 11205 | D:10     | Found a staircase to the Orcish Mines.
 11670 | D:10     | Found a glowing golden altar of the Shining One.
 11670 | D:10     | Found a white marble altar of Elyvilon.
 11671 | D:10     | Found a glowing silver altar of Zin.
 11837 | D:10     | Identified the +5 ring mail of Qifuffaf {*Corrode rF+ rN++
                  | Str+4}
 11894 | Lair:1   | Entered Level 1 of the Lair of Beasts
 11903 | Lair:1   | Noticed a death yak
 11904 | Lair:1   | Noticed a death yak
 11906 | Lair:1   | Noticed a death yak
 11907 | Lair:1   | Noticed a death yak
 11911 | Lair:1   | Noticed a death yak
 12122 | D:9      | Killed a death yak
 12213 | D:11     | Noticed a skeletal warrior
 12213 | D:11     | Noticed a skeletal warrior
 12213 | D:11     | Noticed a skeletal warrior
 12217 | D:11     | Killed a skeletal warrior
 12217 | D:11     | Killed a skeletal warrior
 12225 | D:11     | Killed a skeletal warrior
 12226 | D:11     | Reached XP level 12. HP: 64/89 MP: 22/22
 12398 | D:11     | Noticed Amaemon
 12411 | D:11     | Killed Amaemon
 12633 | D:11     | Identified the +0 war axe of the Hidden Vale {drain,
                  | Fragile rElec Int+5 Dex-4}
 12904 | D:11     | Noticed Josephine
 12918 | D:11     | Killed Josephine
 13288 | D:11     | Noticed Erolcha
 13299 | D:11     | Killed Erolcha
 13300 | D:11     | Reached skill level 10 in Armour
 13300 | D:11     | Reached skill level 10 in Shields
 14050 | D:9      | Killed a death yak
 14153 | D:9      | Killed a death yak
 14225 | D:8      | Killed a death yak
 14269 | D:9      | Killed a death yak
 14433 | Lair:1   | Noticed Jeremiah
 14621 | Lair:1   | Killed Jeremiah
 15231 | Lair:1   | Reached XP level 13. HP: 98/98 MP: 24/24
 17022 | Lair:2   | Found a staircase to the Snake Pit.
 17220 | Lair:3   | Found a staircase to the Shoals.
 17363 | Lair:2   | Mangled by a death yak

Illustrated notes

Levels and vault maps discovered:
D:1:      moated_graveyard_arrival, layout_basic, dk_noncrumbling_4,
          nicolae_twisty_statue_hallways
D:2:      layout_basic, serial_rivers, chequers_serial_rivers_marsh,
          chequers_serial_rivers_large_b, chequers_serial_rivers_micro_a,
          chequers_serial_rivers_small_3, chequers_serial_rivers_marsh,
          basic_altar
D:3:      layout_loops_ring, gup_sewer_entry_spiral
D:4:      layout_basic, nicolae_wu_jian_wuxing_cycle, lemuel_blue_sif_altar,
          minivault_5, uniq_robin
D:5:      layout_basic, mainiacjoe_overflow_boulevard,
          nicolae_gozag_seed_capital, uniq_edmund, uniq_eustachio, uniq_grinder
D:6:      layout_basic, mainiacjoe_overflow_tiny_flanked, serial_shops, shop,
          nicolae_shop_just_a_little_nook, minmay_fractal_squares_diagonal_5
D:7:      kennysheep_windowed_halls, layout_cave_pods, general_overflow_altar,
          minmay_temple_entry_mist, uniq_duvessa
D:8:      layout_basic, eat_drink_and_be_merry_uskayaw
D:9:      layout_cave_pools, erik_lair_orcish_takeover
D:10:     layout_cave_pools, good_gods_mini_temple, orc_0_dummy
D:11:     layout_loops_ring, uniq_josephine, uniq_amaemon, uniq_erolcha
Lair:1:   layout_hall_layers, grunt_megastairs_5, uniq_jeremiah
Lair:2:   layout_roguey, minmay_snake_entry_guardpost_medium
Lair:3:   layout_roguey, shoals_dummy_entry, serial_bayou_shore_b,
          infiniplex_staircase_pool_2, lemuel_fruit_tree, grunt_megastairs_4,
          uniq_gastronok

Skill      XL: |  1  2  3  4  5  6  7  8  9 10 11 12 13 |
---------------+----------------------------------------+-----
Invocations    | 1 2 3 4 5 6 7 8 9 |  9.3
Fighting       | 1 2 3 4 5 6 7 8 |  8.5
Short Blades   | 1 2 3 4 5 6 7 8 |  8.5
Long Blades    | 1 2 3 4 5 6 7 8 |  8.5
Maces & Flails | 1 2 3 4 5 6 7 8 |  8.5
Polearms       | 1 2 3 4 5 6 7 8 |  8.5
Staves         | 1 2 3 4 5 6 7 8 |  8.5
Ranged Weapons | 1 2 3 4 5 6 7 8 |  8.5
Throwing       | 1 2 3 4 5 6 7 8 |  8.5
Dodging        | 1 2 3 4 5 6 7 8 |  8.5
Unarmed Combat | 1 2 3 4 5 6 7 8 |  8.5
Spellcasting   | 1 2 3 4 5 6 7 8 |  8.5
Shapeshifting  | 1 2 3 4 5 6 7 |  7.7
Conjurations   | 1 2 3 4 5 6 7 |  7.1
Hexes          | 1 2 3 4 5 6 7 |  7.1
Summonings     | 1 2 3 4 5 6 7 |  7.1
Necromancy     | 1 2 3 4 5 6 7 |  7.1
Translocations | 1 2 3 4 5 6 7 |  7.1
Transmutations | 1 2 3 4 5 6 7 |  7.1
Fire Magic     | 1 2 3 4 5 6 7 |  7.1
Ice Magic      | 1 2 3 4 5 6 7 |  7.1
Air Magic      | 1 2 3 4 5 6 7 |  7.1
Earth Magic    | 1 2 3 4 5 6 7 |  7.1
Poison Magic   | 1 2 3 4 5 6 7 |  7.1
Axes           | 3 4 5 6 7 8 9 |  9.0
Evocations     | 3 4 5 6 7 8 9 |  9.0
Armour         | 7 8 9 10 | 10.7
Shields        | 7 8 9 10 | 10.7
Stealth        | 5 6 7 8 9 |  9.5

Action                     |  1- 3 |  4- 6 |  7- 9 | 10-12 | 13-15 || total
---------------------------+-------+-------+-------+-------+-------++-------
  Melee: Hand axe          |   121 |   397 |   144 |       |       ||   662
         Bite              |    11 |    33 |    47 |   105 |    22 ||   218
         Unarmed           |       |       |     1 |       |       ||     1
         Rapier            |       |       |   269 |   498 |       ||   767
         Flail             |       |       |       |   102 |   176 ||   278
 Invoke: Curse Item        |       |       |     2 |     1 |       ||     3
  Evoke: Wand              |       |     3 |     4 |    14 |     5 ||    26
         Lightning rod     |       |       |       |    11 |       ||    11
    Use: Potion            |       |     1 |       |     2 |     2 ||     5
         Scroll            |       |       |    11 |     2 |     3 ||    16
   Stab: Sleeping          |       |     9 |     3 |    10 |     4 ||    26
         Distracted        |       |       |     1 |     1 |       ||     2
         Paralysed         |       |       |       |       |     4 ||     4
 Armour: Scale mail        |    63 |     9 |   235 |   353 |   126 ||   786
         Robe              |     5 |   194 |       |       |       ||   199
         Skin              |       |       |    23 |       |       ||    23
  Dodge: Dodged            |    38 |   175 |   197 |   319 |   142 ||   871
  Block: Buckler           |    50 |   171 |   154 |   294 |   120 ||   789

Table legend: (Time is in decaauts)
 A = Elapsed time spent in this place.
 B = Non-inter-level travel time spent in this place.
 C = Inter-level travel time spent in this place.
 D = Time resting spent in this place.
 E = Time spent auto-exploring this place.
 F = Levels seen in this place.
 G = Mean time per level.
                   A        B        C        D        E       F      G
               +--------+--------+--------+--------+--------+-----+--------+
         Total |  17685 |  16110 |   1575 |    542 |  11344 |  15 | 1179.0 |
       Dungeon |  14340 |  12814 |   1526 |    506 |   9061 |  11 | 1303.6 |
          Lair |   3037 |   2989 |     48 |      0 |   2237 |   3 | 1012.3 |
         Sewer |    307 |    307 |      0 |     36 |     45 |   1 |  307.0 |
               +--------+--------+--------+--------+--------+-----+--------+

Top non-repeatable levels by time:
     D:6: 1913 daAuts
     D:4: 1705 daAuts
     D:5: 1596 daAuts
    D:11: 1516 daAuts
  Lair:2: 1513 daAuts
  Lair:1: 1441 daAuts
     D:7: 1406 daAuts
     D:8: 1393 daAuts
     D:9: 1185 daAuts
     D:3: 993 daAuts
     D:2: 978 daAuts
     D:1: 856 daAuts
    D:10: 795 daAuts
   Sewer: 307 daAuts
  Lair:3: 82 daAuts
